FSL
BREVARD COUNTY MANATEES @ DUNEDIN BLUE JAYS
08/29/2098
 
TOP OF THE 1ST
Brevard County Manatees batting - Pitching for Dunedin Blue Jays : RHP Harry Reid
Pitching: RHP Harry Reid
Batting: RHB T.J. Ramer 0-0: Foul Ball, location: 5SF
0-1: Fly out, F8 (Flyball, 8LD, EV 85.6 MPH)
Batting: RHB Tyler Gordon 0-0: Ball
1-0: Called Strike
1-1: Ball
2-1: Foul Ball, location: 23F
2-2: Foul Ball, location: 9LSF
2-2: Fly out, F9 (Flyball, 89S, EV 93.8 MPH)
Batting: LHB Jose Acosta 0-0: Called Strike
0-1: Swinging Strike
0-2: Ball
1-2: Foul Ball, location: 2F
1-2: SINGLE (Line Drive, 9S, EV 96.9 MPH)
Batting: RHB Carlos Orozco 0-0: Foul Ball, location: 25F
0-1: Ball
1-1: Ball
2-1: Swinging Strike
2-2: Fielders Choice at 2nd, 6-4 (Groundball, 6, EV 81.9 MPH)
Top of the 1st over - 0 runs, 1 hit, 0 errors, 1 left on base; Brevard County 0 - Dunedin 0
BOTTOM OF THE 1ST
Dunedin Blue Jays batting - Pitching for Brevard County Manatees : RHP Jim Ostroot
Pitching: RHP Jim Ostroot
Batting: RHB Blaine Lyons 0-0: Ball
1-0: SINGLE (Groundball, 4MD, EV 94.4 MPH)
Batting: RHB Steve Jones 0-0: Ball
1-0: Ball
2-0: Fly out, F9 (Flyball, 9D, EV 105.0 MPH)
Batting: RHB Bill Curtis 0-0: Fly out, F9 (Line Drive, 9, EV 96.9 MPH)
Batting: RHB Pablo Pizarro 0-0: Ball
1-0: Called Strike
1-1: Ball
2-1: Fly out, F4 (Popup, 4M, EV 60.6 MPH)
Bottom of the 1st over - 0 runs, 1 hit, 0 errors, 1 left on base; Brevard County 0 - Dunedin 0
TOP OF THE 2ND
Brevard County Manatees batting - Pitching for Dunedin Blue Jays : RHP Harry Reid
Batting: SHB Hector Fuentes 0-0: Ball
1-0: Swinging Strike
1-1: Ball
2-1: Called Strike
2-2: Foul Ball, location: 5DF
2-2: Strikes out swinging
Batting: RHB Enrique Acosta 0-0: Called Strike
0-1: Ball
1-1: Ground out 5-3 (Groundball, 56S, EV 80.0 MPH)
Batting: RHB Brian Monte 0-0: Called Strike
0-1: Called Strike
0-2: Ball
1-2: Fly out, F7 (Flyball, 7D, EV 99.4 MPH)
Top of the 2nd over - 0 runs, 0 hits, 0 errors, 0 left on base; Brevard County 0 - Dunedin 0
BOTTOM OF THE 2ND
Dunedin Blue Jays batting - Pitching for Brevard County Manatees : RHP Jim Ostroot
Batting: LHB Rob Roe 0-0: Swinging Strike
0-1: Ball
1-1: Ball
2-1: Swinging Strike
2-2: Ball
3-2: Base on Balls
Batting: RHB Mario Mendez 0-0: Ball
1-0: Called Strike
1-1: Foul Ball, location: 9LMF
1-2: Ball
Wild Pitch!
Rob Roe to second
2-2: Ground out 6-3 (Groundball, P, EV 88.8 MPH)
Batting: RHB Dave Ellenbecker 0-0: Ball
1-0: Ball
2-0: Ball
3-0: Called Strike
3-1: Foul Ball, location: 2F
3-2: Base on Balls
Batting: SHB James Parks 0-0: Ball
1-0: Ball
2-0: Foul Ball, location: 2F
2-1: Ball
3-1: Foul Ball, location: 5SF
3-2: Base on Balls
Rob Roe to third
Dave Ellenbecker to second
Batting: RHB Jeff Dolcini 0-0: Ball
1-0: Fly out, F8 (Line Drive, 8RD, EV 98.1 MPH)
Runner from 3rd tags up, SCORES, throw by CF
Dave Ellenbecker to third
Batting: RHB Blaine Lyons 0-0: Called Strike
0-1: Ball
1-1: Ball
2-1: Fly out, F7 (Flyball, 7D, EV 98.8 MPH)
Bottom of the 2nd over - 1 run, 0 hits, 0 errors, 2 left on base; Brevard County 0 - Dunedin 1
TOP OF THE 3RD
Brevard County Manatees batting - Pitching for Dunedin Blue Jays : RHP Harry Reid
Batting: RHB Alex Lopez 0-0: Called Strike
0-1: Foul Ball, location: 7LSF
0-2: SINGLE (Groundball, 34D, EV 103.8 MPH)
Batting: LHB William Strode 0-0: Sac Bunt to P - play at first, batter OUT! 1-3
Alex Lopez to second
Batting: RHB T.J. Ramer 0-0: Ball
1-0: Ball
2-0: TRIPLE (Line Drive, 89XD, EV 100.0 MPH)
Alex Lopez scores
Batting: RHB Tyler Gordon 0-0: Foul Ball, location: 5F
0-1: Ball
1-1: Ball
2-1: Foul Ball, location: 9LDF
2-2: Strikes out swinging
Batting: LHB Jose Acosta 0-0: Ball
1-0: Foul Ball, location: 3FF
1-1: Ball
2-1: Swinging Strike
2-2: Ball
3-2: Ground out 5-3 (Groundball, 56, EV 88.1 MPH)
Top of the 3rd over - 1 run, 2 hits, 0 errors, 1 left on base; Brevard County 1 - Dunedin 1
BOTTOM OF THE 3RD
Dunedin Blue Jays batting - Pitching for Brevard County Manatees : RHP Jim Ostroot
Batting: RHB Steve Jones 0-0: Swinging Strike
0-1: Ball
1-1: Foul Ball, location: 9LMF
1-2: Ball
2-2: Strikes out swinging
Batting: RHB Bill Curtis 0-0: Fly out, F8 (Flyball, 8RD, EV 109.4 MPH)
Batting: RHB Pablo Pizarro 0-0: Foul Ball, location: 9LMF
0-1: Ball
1-1: Ball
2-1: Fly out, F8 (Flyball, 8RS, EV 91.3 MPH)
Bottom of the 3rd over - 0 runs, 0 hits, 0 errors, 0 left on base; Brevard County 1 - Dunedin 1
TOP OF THE 4TH
Brevard County Manatees batting - Pitching for Dunedin Blue Jays : RHP Harry Reid
Batting: RHB Carlos Orozco 0-0: Called Strike
0-1: SINGLE (Line Drive, 56D, EV 99.4 MPH)
Batting: SHB Hector Fuentes 0-0: Foul Ball, location: 25F
0-1: Called Strike
0-2: Strikes out swinging
Batting: RHB Enrique Acosta 0-0: Ball
1-0: Grounds into double play, 6-4-3 (Groundball, 6, EV 83.1 MPH)
Top of the 4th over - 0 runs, 1 hit, 0 errors, 0 left on base; Brevard County 1 - Dunedin 1
BOTTOM OF THE 4TH
Dunedin Blue Jays batting - Pitching for Brevard County Manatees : RHP Jim Ostroot
Batting: LHB Rob Roe 0-0: Ball
1-0: Called Strike
1-1: DOUBLE (Line Drive, 8RXD, EV 100.0 MPH)
Batting: RHB Mario Mendez 0-0: Ground out 6-3 (Groundball, 6, EV 73.1 MPH)
Batting: RHB Dave Ellenbecker 0-0: Called Strike
0-1: Ball
1-1: Fly out, F3 (Line Drive, 34, EV 63.1 MPH)
Batting: SHB James Parks 0-0: Swinging Strike
0-1: Ball
1-1: Ball
2-1: Foul Ball, location: 9LSF
2-2: Strikes out looking
Bottom of the 4th over - 0 runs, 1 hit, 0 errors, 1 left on base; Brevard County 1 - Dunedin 1
TOP OF THE 5TH
Brevard County Manatees batting - Pitching for Dunedin Blue Jays : RHP Harry Reid
Batting: RHB Brian Monte 0-0: Ball
1-0: Foul Ball, location: 2F
1-1: Called Strike
1-2: Foul Ball, location: 9LDF
1-2: Ball
2-2: Ball
3-2: Foul Ball, location: 5FF
3-2: Fly out, F8 (Flyball, 8LXD, EV 111.3 MPH)
Batting: RHB Alex Lopez 0-0: Called Strike
0-1: Foul Ball, location: 23F
0-2: Foul Ball, location: 2F
0-2: Fly out, F8 (Flyball, 8LXD, EV 110.6 MPH)
Batting: LHB William Strode 0-0: Ball
1-0: Called Strike
1-1: Ball
2-1: Swinging Strike
2-2: Strikes out looking
Top of the 5th over - 0 runs, 0 hits, 0 errors, 0 left on base; Brevard County 1 - Dunedin 1
BOTTOM OF THE 5TH
Dunedin Blue Jays batting - Pitching for Brevard County Manatees : RHP Jim Ostroot
Batting: RHB Jeff Dolcini 0-0: Called Strike
0-1: Ball
1-1: Ball
2-1: Ball
3-1: Base on Balls
Batting: RHB Blaine Lyons 0-0: Bunt missed!
0-1: Ball
1-1: Ball
2-1: Ball
3-1: Bunted foul
3-2: Foul Ball, location: 9LDF
3-2: Foul Ball, location: 23F
3-2: Foul Ball, location: 9LDF
3-2: Fly out, F7 (Line Drive, 7S, EV 91.3 MPH)
Batting: RHB Steve Jones 0-0: Swinging Strike
0-1: Called Strike
0-2: Ball
1-2: Fielders Choice at 2nd, 6-4 (Groundball, 6, EV 83.8 MPH)
Batting: RHB Bill Curtis 0-0: Ball
1-0: Called Strike
1-1: Ground out 5-3 (Groundball, 56S, EV 65.6 MPH)
Bottom of the 5th over - 0 runs, 0 hits, 0 errors, 1 left on base; Brevard County 1 - Dunedin 1
TOP OF THE 6TH
Brevard County Manatees batting - Pitching for Dunedin Blue Jays : RHP Harry Reid
Batting: RHB T.J. Ramer 0-0: Fly out, F9 (Flyball, 9S, EV 96.3 MPH)
Batting: RHB Tyler Gordon 0-0: Called Strike
0-1: Ball
1-1: Ball
2-1: Foul Ball, location: 2LF
2-2: Foul Ball, location: 3F
2-2: Fly out, F8 (Flyball, 8RD, EV 91.9 MPH)
Batting: LHB Jose Acosta 0-0: Ball
1-0: Called Strike
1-1: Ball
2-1: TRIPLE (Flyball, 8LXD, EV 98.8 MPH)
Batting: RHB Carlos Orozco 0-0: Ball
1-0: Ball
2-0: Ball
3-0: Base on Balls
Pitching: RHP Tony Negron
Batting: SHB Hector Fuentes 0-0: Ball
1-0: Ball
2-0: Ball
3-0: Called Strike
3-1: Base on Balls
Carlos Orozco to second
Batting: RHB Enrique Acosta 0-0: Ball
1-0: Ball
2-0: Swinging Strike
2-1: Ball
3-1: Base on Balls
Jose Acosta scores
Carlos Orozco to third
Hector Fuentes to second
Batting: RHB Brian Monte 0-0: Called Strike
0-1: DOUBLE (Flyball, 8LXD, EV 106.3 MPH)
Carlos Orozco scores
Hector Fuentes scores
Enrique Acosta to third
Batting: RHB Alex Lopez 0-0: Ball
1-0: Fly out, F8 (Flyball, 8RM, EV 78.1 MPH)
Top of the 6th over - 3 runs, 2 hits, 0 errors, 2 left on base; Brevard County 4 - Dunedin 1
BOTTOM OF THE 6TH
Dunedin Blue Jays batting - Pitching for Brevard County Manatees : RHP Jim Ostroot
Batting: RHB Pablo Pizarro 0-0: Ground out 6-3 (Groundball, 6, EV 89.4 MPH)
Batting: LHB Rob Roe 0-0: Foul Ball, location: 9LSF
0-1: Ball
1-1: Foul Ball, location: 5F
1-2: Foul Ball, location: 9LDF
1-2: Ball
2-2: Strikes out swinging
Batting: RHB Mario Mendez 0-0: Ball
1-0: Swinging Strike
1-1: Called Strike
1-2: Ground out 6-3 (Groundball, 56, EV 89.4 MPH)
Bottom of the 6th over - 0 runs, 0 hits, 0 errors, 0 left on base; Brevard County 4 - Dunedin 1
TOP OF THE 7TH
Brevard County Manatees batting - Pitching for Dunedin Blue Jays : RHP Tony Negron
Batting: LHB William Strode 0-0: Called Strike
0-1: Ground out 5-3 (Groundball, 56, EV 103.1 MPH)
Batting: RHB T.J. Ramer 0-0: Fly out, F9 (Flyball, 9S, EV 77.5 MPH)
Batting: RHB Tyler Gordon 0-0: Called Strike
0-1: Foul Ball, location: 25F
0-2: Strikes out swinging
Top of the 7th over - 0 runs, 0 hits, 0 errors, 0 left on base; Brevard County 4 - Dunedin 1
BOTTOM OF THE 7TH
Dunedin Blue Jays batting - Pitching for Brevard County Manatees : RHP Jim Ostroot
Batting: RHB Dave Ellenbecker 0-0: Ball
1-0: Called Strike
1-1: Swinging Strike
1-2: Strikes out swinging
Pitching: RHP Mike Bivona
Batting: SHB James Parks 0-0: Called Strike
0-1: Ball
1-1: Ball
2-1: Ball
3-1: Base on Balls
Batting: RHB Jeff Dolcini 0-0: Called Strike
0-1: Ball
1-1: Ball
2-1: Swinging Strike
2-2: SINGLE (Groundball, 3D, EV 97.5 MPH)
James Parks to second
Runner from 2nd tries for 3rd, SAFE, throw by RF made to third
Pinch Hitting: LHB Dave Tolbert 0-0: Ball
1-0: Foul Ball, location: 7LSF
1-1: Ball
2-1: Swinging Strike
2-2: Foul Ball, location: 2F
2-2: Reached on error, E4 (Groundball, 4, EV 86.9 MPH)
James Parks scores
Jeff Dolcini to second
Batting: SHB Jody Holman 0-0: Ball
1-0: Fly out, F9 (Flyball, 9S, EV 88.1 MPH)
Batting: RHB Bill Curtis 0-0: Called Strike
0-1: Foul Ball, location: 3F
0-2: Ball
1-2: Foul Ball, location: 25F
1-2: Strikes out swinging
Bottom of the 7th over - 1 run, 1 hit, 1 error, 2 left on base; Brevard County 4 - Dunedin 2
TOP OF THE 8TH
Brevard County Manatees batting - Pitching for Dunedin Blue Jays : RHP Tony Negron
Now in LF: Adam Terlizzi
Now in CF: Mario Mendez
Batting: LHB Jose Acosta 0-0: Called Strike
0-1: Foul Ball, location: 2F
0-2: Ball
1-2: Ball
2-2: Foul Ball, location: 5F
2-2: Ground out 6-3 (Groundball, 6, EV 84.4 MPH)
Batting: RHB Carlos Orozco 0-0: Ball
1-0: Foul Ball, location: 2F
1-1: Ball
2-1: Ground out 4-3 (Groundball, 4M, EV 101.3 MPH)
Batting: SHB Hector Fuentes 0-0: Ball
1-0: Ball
2-0: Called Strike
2-1: Ball
3-1: Called Strike
3-2: Foul Ball, location: 5F
3-2: Base on Balls
Pitching: RHP Ruben Ruiz
Batting: RHB Enrique Acosta 0-0: Ball
1-0: Ball
Hector Fuentes steals 2nd base
2-0: Ball
3-0: Foul Ball, location: 9LSF
3-1: Called Strike
3-2: Base on Balls
Batting: RHB Brian Monte 0-0: Fly out, F7 (Flyball, 7S, EV 90.6 MPH)
Top of the 8th over - 0 runs, 0 hits, 0 errors, 2 left on base; Brevard County 4 - Dunedin 2
BOTTOM OF THE 8TH
Dunedin Blue Jays batting - Pitching for Brevard County Manatees : RHP Mike Bivona
Pitching: LHP Mike Williams
Now in LF: Tyler Gordon
Now in RF: Barrett Andrade
Batting: RHB Pablo Pizarro 0-0: SOLO HOME RUN (Line Drive, 7D, EV 96.9 MPH), Distance : 373 ft
Batting: LHB Rob Roe 0-0: Called Strike
0-1: Ball
1-1: Fly out, F4 (Line Drive, 4, EV 69.4 MPH)
Batting: RHB Mario Mendez 0-0: Called Strike
0-1: Ball
1-1: Ground out 6-3 (Groundball, 56, EV 100.6 MPH)
Batting: RHB Dave Ellenbecker 0-0: Ball
1-0: Foul Ball, location: 9LMF
1-1: Ball
2-1: Ball
3-1: Swinging Strike
3-2: Base on Balls
Pinch Hitting: RHB Dave Mayorga 0-0: Ball
1-0: Ball
2-0: SINGLE (Groundball, 34, EV 78.8 MPH)
Dave Ellenbecker to second
Runner from 2nd tries for 3rd, SAFE, no throw by RF
Batting: RHB Jeff Dolcini 0-0: Ball
1-0: Foul Ball, location: 23F
1-1: Swinging Strike
1-2: Strikes out swinging
Bottom of the 8th over - 1 run, 2 hits, 0 errors, 2 left on base; Brevard County 4 - Dunedin 3
TOP OF THE 9TH
Brevard County Manatees batting - Pitching for Dunedin Blue Jays : RHP Ruben Ruiz
Now at 2B: Dave Mayorga
Batting: RHB Alex Lopez 0-0: Called Strike
0-1: Foul Ball, location: 2F
0-2: Ball
1-2: Fly out, F8 (Flyball, 8LD, EV 93.8 MPH)
Batting: LHB William Strode 0-0: Called Strike
0-1: Ball
1-1: Foul Ball, location: 7LMF
1-2: Foul Ball, location: 23F
1-2: Strikes out swinging
Batting: RHB Barrett Andrade 0-0: Foul Ball, location: 3FF
0-1: Ball
1-1: Fly out, F8 (Flyball, 8RM, EV 100.0 MPH)
Top of the 9th over - 0 runs, 0 hits, 0 errors, 0 left on base; Brevard County 4 - Dunedin 3
BOTTOM OF THE 9TH
Dunedin Blue Jays batting - Pitching for Brevard County Manatees : LHP Mike Williams
Batting: RHB Adam Terlizzi 0-0: SINGLE (Groundball, 4MD, EV 105.6 MPH)
Batting: SHB Jody Holman 0-0: Called Strike
0-1: Swinging Strike
0-2: Ball
1-2: Strikes out looking
Batting: RHB Bill Curtis 0-0: Ball
1-0: Called Strike
1-1: Swinging Strike
1-2: Foul Ball, location: 3FF
1-2: Ball
Wild Pitch!
Adam Terlizzi to second
2-2: Foul Ball, location: 9LMF
2-2: Strikes out swinging
Batting: RHB Pablo Pizarro 0-0: Ball
1-0: Called Strike
1-1: Ball
2-1: Foul Ball, location: 23FF
2-2: Strikes out swinging
Bottom of the 9th over - 0 runs, 1 hit, 0 errors, 1 left on base; Brevard County 4 - Dunedin 3
Sunday, April 14th , 2024 - OOTP Baseball 24.11 Build 85